AoeStats
← DeathPanther

Oasis

507909293Analyzed
3v3 RM · 12d ago on Sep 20, 2026· 56m 41s· 6 players
Game mode
Random Map
Map size
Normal (6 player)
Population
200
Speed
Normal
Resources
Standard
Victory
Conquest
Starting age
Dark Age
Ending age
Imperial Age
RankedLock teamsTeams togetherTeam positionsShared explorationLock speedFull tech treeHidden civsTurbo modeCheats
Victory
Defeat
🇩🇿 Khmer · Algeria
1049
+13
🇨🇴 Aztecs · Colombia
1040
+13
🇲🇽 Franks · Mexico
979
+16
🇵🇪 Mongols · Peru
981
-14
🇵🇪 Persians · Peru
971
-14
🇵🇪 Khmer · Peru
970
-14
DeathPanther
0:57 Loom
12:29 Feudal Age
19:13 Castle Age
18:23 Wheelbarrow
19:38 Double-Bit Axe
19:44 Gold Mining
19:45 Stone Mining
21:24 Bow Saw
21:34 Caravan
21:58 Fervor
22:17 Hand Cart
24:34 Gold Shaft Mining
27:47 Husbandry
31:51 Ballistics
34:20 Imperial Age
33:16 Forging
33:11 Scale Barding Armor
36:20 Chemistry
34:57 Cavalier
35:25 Heavy Scorpion
36:47 Iron Casting
37:45 Paladin
42:01 Blast Furnace
41:00 Fletching
41:34 Chain Barding Armor
41:48 Conscription
53:47 Town Watch
54:00 Murder Holes
54:11 Siege Engineers
54:04 Bodkin Arrow
54:09 Scale Mail Armor
54:45 Plate Barding Armor
Lemus IV
2:05 Loom
12:35 Feudal Age
14:57 Wheelbarrow
17:44 Castle Age
16:00 Horse Collar
16:22 Double-Bit Axe
18:37 Gambesons
20:06 Squires
20:03 Eagle Warrior
21:21 Squires
21:13 Arson
23:02 Scale Mail Armor
24:03 Forging
24:33 Bow Saw
27:48 Gold Mining
28:42 Heavy Plow
30:39 Gold Shaft Mining
30:42 Town Watch
32:51 Caravan
33:51 Hand Cart
33:39 Town Patrol
34:36 Chain Mail Armor
36:13 Iron Casting
38:56 Imperial Age
37:12 Coinage
39:08 Capped Ram
39:11 Elite Eagle Warrior
40:54 Blast Furnace
40:25 Plate Mail Armor
40:25 Conscription
41:02 Crop Rotation
41:04 Garland Wars
42:14 Pikeman
44:01 Atlatl
45:26 Banking
46:06 Redemption
46:26 Fervor
46:52 Illumination
47:33 Atonement
47:55 Sanctity
47:37 Devotion
48:37 Banking
48:49 Block Printing
50:35 Theocracy
49:56 Herbal Medicine
52:33 Faith
52:34 Heresy
55:14 Siege Ram
ayoubDZtv
11:15 Feudal Age
15:43 Castle Age
14:07 Double-Bit Axe
14:03 Horse Collar
18:02 Bow Saw
22:29 Heavy Plow
23:51 Forging
23:30 Loom
24:27 Wheelbarrow
23:39 Town Watch
25:19 Gold Mining
26:55 Iron Casting
26:21 Scale Mail Armor
25:42 Pikeman
26:08 Arson
26:44 Hand Cart
29:52 Imperial Age
28:43 Chain Mail Armor
28:34 Scale Barding Armor
28:26 Stone Mining
31:05 Crop Rotation
30:02 Halberdier
31:44 Blast Furnace
30:49 Heavy Scorpion
31:41 Masonry
31:11 Capped Ram
31:56 Fletching
32:29 Ballistics
33:39 Conscription
34:25 Chemistry
36:20 Bodkin Arrow
36:41 Double Crossbow
37:06 Caravan
38:19 Elite Ballista Elephant
39:45 Padded Archer Armor
39:52 Bracer
40:34 Chain Barding Armor
41:49 Husbandry
42:00 Bloodlines
43:40 Plate Barding Armor
55:09 Light Cavalry
55:53 Hussar
ethan_winters
0:43 Loom
10:01 Feudal Age
12:39 Double-Bit Axe
17:52 Castle Age
18:47 Stone Mining
21:17 Gold Mining
23:10 Gold Shaft Mining
22:55 Bow Saw
33:18 Imperial Age
31:44 Forging
31:40 Scale Barding Armor
32:00 Ballistics
32:44 Padded Archer Armor
32:34 Fletching
33:20 Iron Casting
33:46 Wheelbarrow
33:00 Town Watch
34:48 Parthian Tactics
34:28 Thumb Ring
35:12 Hand Cart
35:38 Leather Archer Armor
35:19 Bodkin Arrow
36:13 Town Patrol
36:37 Chain Barding Armor
37:20 Chemistry
36:56 Bloodlines
36:47 Husbandry
36:47 Elite Mangudai
37:48 Conscription
37:34 Bracer
40:22 Blast Furnace
41:39 Heavy Camel Rider
43:49 Onager
49:39 Light Cavalry
49:49 Elite Skirmisher
51:13 Hussar
LEONIDAS
0:30 Loom
13:40 Feudal Age
15:42 Double-Bit Axe
17:04 Horse Collar
23:34 Castle Age
21:27 Stone Mining
25:02 Bow Saw
24:53 Heavy Plow
26:57 Gold Mining
33:53 Imperial Age
32:05 Wheelbarrow
32:23 Gold Shaft Mining
35:18 Chemistry
34:57 Scale Barding Armor
35:03 Forging
35:01 Caravan
38:05 Two-Man Saw
37:38 Crop Rotation
37:06 Fletching
37:52 Iron Casting
37:38 Chain Barding Armor
38:40 Husbandry
38:51 Bloodlines
41:58 Blast Furnace
41:35 Plate Barding Armor
45:41 Murder Holes
49:37 Elite Skirmisher
53:14 Heavy Scorpion
54:33 Padded Archer Armor
55:22 Scale Mail Armor
55:39 Leather Archer Armor
Jared
0:38 Loom
10:40 Feudal Age
13:30 Double-Bit Axe
13:29 Horse Collar
21:04 Castle Age
20:31 Gold Mining
20:32 Stone Mining
20:45 Stone Mining
22:20 Bow Saw
22:11 Heavy Plow
22:49 Gold Shaft Mining
22:49 Stone Shaft Mining
26:49 Town Watch
33:10 Imperial Age
34:16 Town Patrol
34:51 Wheelbarrow
34:54 Fortified Wall
35:45 Chemistry
40:06 Conscription
40:22 Bloodlines
40:12 Husbandry
39:33 Elite Battle Elephant
41:50 Hand Cart
45:34 Conscription
45:17 Tusk Swords
45:30 Onager
49:35 Forging
49:25 Scale Mail Armor
49:33 Scale Barding Armor
50:38 Hoardings
50:18 Caravan
51:22 Iron Casting
50:47 Scale Mail Armor
52:24 Elite Ballista Elephant
53:05 Double Crossbow
56:55 Blast Furnace
55:56 Scale Mail Armor
56:17 Chain Barding Armor
Connection lost

Rejoining the realm…

Still unreachable

The connection could not be restored.

Session expired

The server has moved on; the page needs a fresh start.